Login

Colorado Avalanche vs Los Angeles Kings

Created - 19 March 2024 at 23:09

Goals
1 2 3 T
Colorado Avalanche 1 2 1 4
Los Angeles Kings 1 1 0 2
Shots
1 2 3 T
Colorado Avalanche 12 12 7 31
Los Angeles Kings 7 9 8 24

GoalsPenalties
1st period
1. Los Angeles Kings , Anze Kopitar 3 (Matt Roy 3) at 17:32
2. Colorado Avalanche , Tomas Tatar 1 (Valeri Nichushkin 1, Caleb Jones 2) at 18:29
Phillip Danault (LAK) for Holding (Minor) at 3:25
Kurtis MacDermid (LAK) for Hooking (Minor) at 14:08
2nd period
3. Los Angeles Kings , Quinton Byfield 1 (Trevor Lewis 1, Trevor Moore 2) at 10:29
4. Colorado Avalanche , Nathan MacKinnon 5 (Mikko Rantanen 6, Cale Makar 4) at 14:12
5. Colorado Avalanche , Tomas Tatar 2 (Valeri Nichushkin 2, Ryan Johansen 1) at 19:43
Quinton Byfield (LAK) for Roughing (Minor) at 1:52
Adrian Kempe (LAK) for Delaying the game (Minor) at 4:20
Adrian Kempe (LAK) for Holding (Minor) at 7:27
Josh Manson (COL) for Tripping (Minor) at 10:53
Matt Roy (LAK) for Roughing (Minor) at 17:31
3rd period
6. Colorado Avalanche , Tomas Tatar 3 (Valeri Nichushkin 3, Ross Colton 2) at 5:28
Adrian Kempe (LAK) for Holding (Minor) at 0:23
Mikko Rantanen (COL) for Tripping (Minor) at 9:18
Pierre-Luc Dubois (LAK) for Tripping (Minor) at 14:29
Josh Manson (COL) for Holding (Minor) at 17:45
Goalie Stats
Alexandar Georgiev (COL), 22 saves from 24 shots - (0.917), W, 3-1-1, 60:00 minutes
Pheonix Copley (LAK), 27 saves from 31 shots - (0.871), L, 0-3-0, 60:00 minutes
3 StarsOfficial
1 - Tomas Tatar (COL)
2 - Valeri Nichushkin (COL)
3 - Ryan Johansen (COL)
Referees : Sean MacFarlane and Dan O'Rourke
Linesman : Brent Colby and Trent Knorr
Game Note
Tomas Tatar has scored a Hat Trick!
Finance
Level 1 -- Attendance: 5315 (88.58%) -- Ticket Income $531,500
Level 2 -- Attendance: 4999 (99.98%) -- Ticket Income $299,940
Level 3 -- Attendance: 1806 (90.30%) -- Ticket Income $63,210
Level 4 -- Attendance: 3464 (86.60%) -- Ticket Income $86,600
Luxury Box -- Attendance: 925 (92.50%) -- Ticket Income $185,000
Game was played at the Crypto.com Arena.
Total Attendance: 16509 (91.72%)
Total Ticket Income: $1,166,250
Other Income: $571,462
Total Income: $1,737,712



Team Name Goals Shots Shots Attemp Shots Blocked PIM HIT PP PK FO%
Colorado Avalanche 43154126130 / 8 (0%)050%
Los Angeles Kings 22458916170 / 3 (0%)050%

Colorado Avalanche
Player Name POS G A P +/- PIM HIT SHT SB MP PP MP PP SHT PK MP PK SHT FO% FOT GA TA
Andrew CoglianoC000-100118:260:4101:22080% 500
Artturi LehkonenLW0001011120:317:0600:000100% 100
Bowen ByramD0000000222:508:4802:5400% 001
Cale MakarD0111003226:588:4812:5400% 010
Caleb JonesD0110000011:500:0000:0000% 001
Fredrik OlofssonLW000-100207:240:0001:2300% 000
Jack JohnsonD0001010121:127:0403:0300% 000
Joel KivirantaLW000-101006:010:0000:0000% 000
Jonathan DrouinLW000-1001011:130:4101:2600% 000
Josh MansonD0001421016:070:0000:0000% 000
Logan O'ConnorRW000-100009:230:4100:0000% 000
Mikko RantanenRW0111213020:447:0600:0000% 000
Nathan MacKinnonC1011004120:317:0600:00050% 2410
Ross ColtonC011-1032011:570:0003:12067% 1500
Ryan JohansenC0113021019:068:0501:23023% 1301
Samuel GirardD0001014121:127:0413:0300% 000
Tomas TatarLW3033005220:528:0503:0800% 101
Valeri NichushkinRW0333013117:438:0500:0000% 110
Los Angeles Kings
Player Name POS G A P +/- PIM HIT SHT SB MP PP MP PP SHT PK MP PK SHT FO% FOT GA TA
Adrian KempeRW000-2624118:053:1502:32025% 420
Andreas EnglundD000-1000111:530:0000:0000% 000
Anze KopitarC101-1032026:073:1608:17068% 2800
Arthur KaliyevLW000000103:300:0000:0000% 000
Blake LizotteC000000013:300:0000:0000% 000
Drew DoughtyD0001002027:353:2909:2600% 002
Jacob MoverareD000-1000114:430:0002:5000% 000
Kevin FialaLW000-2020021:183:1505:51050% 200
Kurtis MacDermidD000-2222119:272:2815:1900% 000
Matt RoyD0110211126:043:2907:4300% 000
Mikey AndersonD000-2003020:322:2816:2610% 000
Phillip DanaultLW0000211015:112:4101:590100% 120
Pierre-Luc DuboisC0000241121:382:4107:30060% 1000
Quinton ByfieldRW1010211110:390:0000:0000% 001
Trevor LewisC0110000115:100:0003:58015% 1300
Trevor MooreLW0110014011:300:0100:0000% 100
Tyson JostC000000003:140:0101:3700% 100
Viktor ArvidssonRW0000002013:542:4110:0000% 000

Colorado Avalanche

5 vs 5 Forward
Line #Left WingCenterRight WingPHYDFOFWanted %Time %Time Play
1Artturi LehkonenNathan MacKinnonMikko Rantanen1044037%13:58
2Tomas TatarRyan JohansenValeri Nichushkin1043025%9:38
3Jonathan DrouinRoss ColtonLogan O'Connor1132022%8:34
4Joel KivirantaAndrew CoglianoFredrik Olofsson1221016%6:01
5 vs 5 Defense
Line #DefenseDefensePHYDFOFWanted %Time %Time Play
1Cale MakarJosh Manson0414041%15:50
2Jack JohnsonSamuel Girard0413029%11:05
3Bowen ByramCaleb Jones0413030%11:16
4Cale MakarBowen Byram12200%0:00
Power Play Forward
Line #Left WingCenterRight WingPHYDFOFWanted %Time %Time Play
1Artturi LehkonenNathan MacKinnonMikko Rantanen0056049%7:47
2Tomas TatarRyan JohansenValeri Nichushkin0054051%8:05
Power Play Defense
Line #DefenseDefensePHYDFOFWanted %Time %Time Play
1Cale MakarBowen Byram0056055%8:48
2Jack JohnsonSamuel Girard0054045%7:04
Penalty Kill 4 Players Forward
Line #CenterWingPHYDFOFWanted %Time %Time Play
1Ross ColtonTomas Tatar1316077%4:34
2Ryan JohansenFredrik Olofsson1314023%1:23
Penalty Kill 4 Players Defense
Line #DefenseDefensePHYDFOFWanted %Time %Time Play
1Cale MakarBowen Byram1405049%2:54
2Jack JohnsonSamuel Girard1315051%3:03
Penalty Kill 3 Players
Line #WingPHYDFOFWanted %Time %Time PlayDefenseDefensePHYDFOFWanted %Time %Time Play
1Ross Colton122600%0:00 Cale MakarBowen Byram122600%0:00
2Ryan Johansen122400%0:00 Jack JohnsonSamuel Girard122400%0:00
4 vs 4 Forward
Line #CenterWingPHYDFOFWanted %Time %Time Play
1Nathan MacKinnonArtturi Lehkonen122600%0:00
2Ryan JohansenTomas Tatar122400%0:00
4 vs 4 Defense
Line #DefensePHYDFOFWanted %Time %Time Play
1Cale MakarBowen Byram122600%0:00
2Jack JohnsonSamuel Girard122400%0:00
Last Minutes Offensive
Left WingCenterRight WingDefenseDefense
Artturi LehkonenNathan MacKinnonMikko RantanenCale MakarBowen Byram
Last Minutes Defensive
Left WingCenterRight WingDefenseDefense
Artturi LehkonenNathan MacKinnonMikko RantanenCale MakarBowen Byram
Time
Total ForwardTotal DefenseLast Minutes OffensiveLast Minutes Defensive
60:00 60:00 0:000:00
Extra Forwards
Normal PowerPlayPenalty Kill
Tomas Tatar, Ryan Johansen, Ross ColtonTomas Tatar, Ryan JohansenTomas Tatar
Extra Defensemen
Normal PowerPlayPenalty Kill
Samuel Girard, Josh Manson, Caleb JonesSamuel Girard, Samuel GirardJosh Manson
Penalty Shots
Mikko Rantanen, Nathan MacKinnon, Valeri Nichushkin, Artturi Lehkonen, Tomas Tatar
Goalie
Alexandar Georgiev, Pavel Francouz
Custom OT Lines Forwards
Mikko Rantanen, Nathan MacKinnon, Valeri Nichushkin, Artturi Lehkonen, Tomas Tatar, Ryan Johansen, Ross Colton, Logan O'Connor, Jonathan Drouin, Andrew Cogliano
Custom OT Lines Defensemen
Cale Makar, Bowen Byram, Jack Johnson, Samuel Girard, Josh Manson
Scratches
Devon Toews (Suspend), Justus Annunen (Healthy)

Los Angeles Kings

5 vs 5 Forward
Line #Left WingCenterRight WingPHYDFOFWanted %Time %Time Play
1Kevin FialaAnze KopitarAdrian Kempe1134031%11:57
2Phillip DanaultPierre-Luc DuboisViktor Arvidsson1133032%12:04
3Trevor MooreTrevor LewisQuinton Byfield2212028%10:40
4Arthur KaliyevBlake LizotteAnze Kopitar221109%3:30
5 vs 5 Defense
Line #DefenseDefensePHYDFOFWanted %Time %Time Play
1Drew DoughtyMatt Roy1224036%13:49
2Mikey AndersonKurtis MacDermid1223030%11:38
3Andreas EnglundJacob Moverare1222031%11:53
4Drew DoughtyMatt Roy122102%0:51
Power Play Forward
Line #Left WingCenterRight WingPHYDFOFWanted %Time %Time Play
1Kevin FialaAnze KopitarAdrian Kempe1136055%3:16
2Phillip DanaultPierre-Luc DuboisViktor Arvidsson1134045%2:41
Power Play Defense
Line #DefenseDefensePHYDFOFWanted %Time %Time Play
1Drew DoughtyMatt Roy1226059%3:29
2Mikey AndersonKurtis MacDermid1224041%2:28
Penalty Kill 4 Players Forward
Line #CenterWingPHYDFOFWanted %Time %Time Play
1Anze KopitarPierre-Luc Dubois1226067%10:40
2Adrian KempeKevin Fiala1224033%5:12
Penalty Kill 4 Players Defense
Line #DefenseDefensePHYDFOFWanted %Time %Time Play
1Drew DoughtyMatt Roy1226059%9:26
2Mikey AndersonKurtis MacDermid1224041%6:26
Penalty Kill 3 Players
Line #WingPHYDFOFWanted %Time %Time PlayDefenseDefensePHYDFOFWanted %Time %Time Play
1Anze Kopitar122600%0:00 Drew DoughtyMatt Roy122600%0:00
2Pierre-Luc Dubois122400%0:00 Mikey AndersonKurtis MacDermid122400%0:00
4 vs 4 Forward
Line #CenterWingPHYDFOFWanted %Time %Time Play
1Anze KopitarPierre-Luc Dubois122600%0:00
2Adrian KempeKevin Fiala122400%0:00
4 vs 4 Defense
Line #DefensePHYDFOFWanted %Time %Time Play
1Drew DoughtyMatt Roy122600%0:00
2Mikey AndersonKurtis MacDermid122400%0:00
Last Minutes Offensive
Left WingCenterRight WingDefenseDefense
Kevin FialaAnze KopitarAdrian KempeDrew DoughtyMatt Roy
Last Minutes Defensive
Left WingCenterRight WingDefenseDefense
Kevin FialaAnze KopitarAdrian KempeDrew DoughtyMatt Roy
Time
Total ForwardTotal DefenseLast Minutes OffensiveLast Minutes Defensive
60:00 60:00 0:000:00
Extra Forwards
Normal PowerPlayPenalty Kill
Tyson Jost, Trevor Moore, Trevor LewisTyson Jost, Trevor MooreTrevor Lewis
Extra Defensemen
Normal PowerPlayPenalty Kill
Andreas Englund, Jacob Moverare, Mikey AndersonAndreas Englund, Jacob MoverareMikey Anderson
Penalty Shots
Anze Kopitar, Pierre-Luc Dubois, Adrian Kempe, Kevin Fiala, Viktor Arvidsson
Goalie
Pheonix Copley, Cam Talbot
Custom OT Lines Forwards
Anze Kopitar, Pierre-Luc Dubois, Adrian Kempe, Kevin Fiala, Viktor Arvidsson, Phillip Danault, Trevor Moore, Trevor Lewis, Blake Lizotte, Arthur Kaliyev
Custom OT Lines Defensemen
Drew Doughty, Matt Roy, Mikey Anderson, Kurtis MacDermid, Andreas Englund
Scratches
Vladislav Gavrikov (Broken Nose Injury), Carl Grundstrom (Healthy), Steven Santini (Suspend)


Play-by-Play

1st period


0:01 of 1st period - Nathan MacKinnon wins face-off versus Adrian Kempe in neutral zone.
0:15 of 1st period - Snap shot by Nathan MacKinnon.
0:15 of 1st period - Shot Misses the Net.
0:24 of 1st period - Icing by Matt Roy.
0:25 of 1st period - Phillip Danault wins face-off versus Ryan Johansen in Los Angeles Kings zone.
0:32 of 1st period - Snap shot by Pierre-Luc Dubois.
0:32 of 1st period - Shot Blocked by Tomas Tatar.
0:34 of 1st period - Slapshot by Drew Doughty.
0:34 of 1st period - Shot Misses the Net.
0:36 of 1st period - Snap shot by Matt Roy.
0:36 of 1st period - Shot Blocked by Jack Johnson.
0:38 of 1st period - Snap shot by Viktor Arvidsson.
0:38 of 1st period - Shot Misses the Net.
0:40 of 1st period - Slapshot by Viktor Arvidsson.
0:40 of 1st period - Deflect By Pierre-Luc Dubois.
0:40 of 1st period - Stopped by Alexandar Georgiev without a rebound.
0:41 of 1st period - Ross Colton wins face-off versus Trevor Lewis in Colorado Avalanche zone.
1:34 of 1st period - Slapshot by Andrew Cogliano.
1:34 of 1st period - Stopped by Pheonix Copley without a rebound.
1:35 of 1st period - Andrew Cogliano wins face-off versus Anze Kopitar in Los Angeles Kings zone.
2:02 of 1st period - Fredrik Olofsson is hit by Pierre-Luc Dubois and loses puck.
2:29 of 1st period - Wrist shot by Valeri Nichushkin.
2:29 of 1st period - Stopped by Pheonix Copley with a rebound.
2:31 of 1st period - Wrist shot by Valeri Nichushkin.
2:31 of 1st period - Deflect By Ryan Johansen.
2:31 of 1st period - Stopped by Pheonix Copley with a rebound.
3:07 of 1st period - Logan O'Connor is hit by Quinton Byfield and loses puck.
3:25 of 1st period - Minor Penalty to Phillip Danault for Holding.
3:26 of 1st period - Anze Kopitar wins face-off versus Nathan MacKinnon in Los Angeles Kings zone.
3:45 of 1st period - Drew Doughty is hit by Mikko Rantanen and loses puck.
4:00 of 1st period - Slapshot by Adrian Kempe.
4:00 of 1st period - Shot Misses the Net.
4:02 of 1st period - Slapshot by Mikey Anderson.
4:02 of 1st period - Stopped by Alexandar Georgiev with a rebound.
4:04 of 1st period - Snap shot by Adrian Kempe.
4:04 of 1st period - Shot Misses the Net.
4:06 of 1st period - Slapshot by Mikey Anderson.
4:06 of 1st period - Shot Misses the Net.
5:25 of 1st period - Penalty to Phillip Danault is over, Phillip Danault is back on ice.
5:35 of 1st period - Off-side.
5:36 of 1st period - Andrew Cogliano wins face-off versus Trevor Lewis in neutral zone.
6:52 of 1st period - Snap shot by Jonathan Drouin.
6:52 of 1st period - Deflect By Ross Colton.
6:52 of 1st period - Shot Misses the Net.
6:52 of 1st period - Puck is out of play.
6:53 of 1st period - Anze Kopitar wins face-off versus Valeri Nichushkin in Los Angeles Kings zone.
8:30 of 1st period - Phillip Danault is hit by Joel Kiviranta and loses puck.
9:41 of 1st period - Off-side.
9:42 of 1st period - Nathan MacKinnon wins face-off versus Trevor Lewis in neutral zone.
9:47 of 1st period - Slapshot by Nathan MacKinnon.
9:47 of 1st period - Stopped by Pheonix Copley without a rebound.
9:48 of 1st period - Trevor Lewis wins face-off versus Nathan MacKinnon in Los Angeles Kings zone.
10:19 of 1st period - Wrist shot by Tomas Tatar.
10:19 of 1st period - Deflect By Valeri Nichushkin.
10:19 of 1st period - Stopped by Pheonix Copley without a rebound.
10:20 of 1st period - Anze Kopitar wins face-off versus Ryan Johansen in Los Angeles Kings zone.
10:45 of 1st period - Josh Manson is hit by Anze Kopitar and loses puck.
11:21 of 1st period - Snap shot by Kevin Fiala.
11:21 of 1st period - Shot Blocked by Valeri Nichushkin.
11:23 of 1st period - Snap shot by Drew Doughty.
11:23 of 1st period - Stopped by Alexandar Georgiev without a rebound.
11:24 of 1st period - Nathan MacKinnon wins face-off versus Pierre-Luc Dubois in Colorado Avalanche zone.
11:29 of 1st period - Snap shot by Mikko Rantanen.
11:29 of 1st period - Shot Misses the Net.
11:31 of 1st period - Slapshot by Caleb Jones.
11:31 of 1st period - Deflect By Artturi Lehkonen.
11:31 of 1st period - Shot Misses the Net.
11:31 of 1st period - Puck is out of play.
11:32 of 1st period - Pierre-Luc Dubois wins face-off versus Nathan MacKinnon in Los Angeles Kings zone.
11:49 of 1st period - Snap shot by Phillip Danault.
11:49 of 1st period - Shot Blocked by Nathan MacKinnon.
12:23 of 1st period - Wrist shot by Pierre-Luc Dubois.
12:23 of 1st period - Shot Misses the Net.
12:28 of 1st period - Off-side.
12:29 of 1st period - Anze Kopitar wins face-off versus Ross Colton in neutral zone.
12:38 of 1st period - Snap shot by Adrian Kempe.
12:38 of 1st period - Stopped by Alexandar Georgiev without a rebound.
12:39 of 1st period - Ross Colton wins face-off versus Anze Kopitar in Colorado Avalanche zone.
12:39 of 1st period - Ross Colton is hit by Matt Roy.
12:55 of 1st period - Wrist shot by Anze Kopitar.
12:55 of 1st period - Shot Misses the Net.
12:57 of 1st period - Wrist shot by Adrian Kempe.
12:57 of 1st period - Stopped by Alexandar Georgiev with a rebound.
12:59 of 1st period - Snap shot by Kevin Fiala.
12:59 of 1st period - Deflect By Anze Kopitar.
12:59 of 1st period - Shot Misses the Net.
12:59 of 1st period - Puck is out of play.
13:00 of 1st period - Nathan MacKinnon wins face-off versus Pierre-Luc Dubois in Colorado Avalanche zone.
13:00 of 1st period - Nathan MacKinnon is hit by Pierre-Luc Dubois.
13:08 of 1st period - Snap shot by Mikko Rantanen.
13:08 of 1st period - Stopped by Pheonix Copley with a rebound.
13:16 of 1st period - Slapshot by Viktor Arvidsson.
13:16 of 1st period - Shot Misses the Net.
14:05 of 1st period - Wrist shot by Nathan MacKinnon.
14:05 of 1st period - Stopped by Pheonix Copley without a rebound.
14:06 of 1st period - Anze Kopitar wins face-off versus Ryan Johansen in Los Angeles Kings zone.
14:08 of 1st period - Minor Penalty to Kurtis MacDermid for Hooking.
14:09 of 1st period - Ryan Johansen wins face-off versus Anze Kopitar in Los Angeles Kings zone.
14:09 of 1st period - Wrist shot by Valeri Nichushkin.
14:09 of 1st period - Shot Blocked by Jacob Moverare.
15:24 of 1st period - Mikko Rantanen is hit by Pierre-Luc Dubois and loses puck.
16:08 of 1st period - Penalty to Kurtis MacDermid is over, Kurtis MacDermid is back on ice.
16:10 of 1st period - Off-side.
16:11 of 1st period - Andrew Cogliano wins face-off versus Trevor Lewis in neutral zone.
16:18 of 1st period - Slapshot by Cale Makar.
16:18 of 1st period - Stopped by Pheonix Copley without a rebound.
16:19 of 1st period - Ross Colton wins face-off versus Trevor Moore in Los Angeles Kings zone.
17:32 of 1st period - Snap shot by Anze Kopitar.
17:32 of 1st period - Goal by Anze Kopitar - Colorado Avalanche : 0 - Los Angeles Kings : 1.
17:33 of 1st period - Anze Kopitar wins face-off versus Nathan MacKinnon in neutral zone.
17:44 of 1st period - Kevin Fiala is hit by Artturi Lehkonen.
18:06 of 1st period - Snap shot by Tomas Tatar.
18:06 of 1st period - Stopped by Pheonix Copley without a rebound.
18:07 of 1st period - Pierre-Luc Dubois wins face-off versus Ryan Johansen in Los Angeles Kings zone.
18:11 of 1st period - Off-side.
18:12 of 1st period - Kevin Fiala wins face-off versus Ryan Johansen in neutral zone.
18:29 of 1st period - Snap shot by Tomas Tatar.
18:29 of 1st period - Goal by Tomas Tatar - Colorado Avalanche : 1 - Los Angeles Kings : 1.
18:30 of 1st period - Nathan MacKinnon wins face-off versus Anze Kopitar in neutral zone.
18:35 of 1st period - Wrist shot by Mikko Rantanen.
18:35 of 1st period - Stopped by Pheonix Copley without a rebound.
18:36 of 1st period - Anze Kopitar wins face-off versus Nathan MacKinnon in Los Angeles Kings zone.
19:05 of 1st period - Wrist shot by Tomas Tatar.
19:05 of 1st period - Stopped by Pheonix Copley without a rebound.
19:06 of 1st period - Pierre-Luc Dubois wins face-off versus Ryan Johansen in Los Angeles Kings zone.
19:32 of 1st period - Phillip Danault is hit by Ryan Johansen and loses puck.
19:41 of 1st period - Snap shot by Viktor Arvidsson.
19:41 of 1st period - Stopped by Alexandar Georgiev with a rebound.
19:53 of 1st period - Slapshot by Pierre-Luc Dubois.
19:53 of 1st period - Deflect By Ryan Johansen.
19:53 of 1st period - Shot Misses the Net.
19:53 of 1st period - Puck is out of play.
19:54 of 1st period - Anze Kopitar wins face-off versus Nathan MacKinnon in Colorado Avalanche zone.
Goals for this period are 1 for Colorado Avalanche vs 1 for Los Angeles Kings.
Shots for this period are 12 for Colorado Avalanche vs 7 for Los Angeles Kings.

2nd period


0:01 of 2nd period - Nathan MacKinnon wins face-off versus Anze Kopitar in neutral zone.
0:04 of 2nd period - Anze Kopitar is hit by Josh Manson and loses puck.
1:30 of 2nd period - Snap shot by Nathan MacKinnon.
1:30 of 2nd period - Deflect By Kevin Fiala.
1:30 of 2nd period - Stopped by Pheonix Copley without a rebound.
1:31 of 2nd period - Ross Colton wins face-off versus Pierre-Luc Dubois in Los Angeles Kings zone.
1:44 of 2nd period - Slapshot by Samuel Girard.
1:44 of 2nd period - Shot Misses the Net.
1:48 of 2nd period - Snap shot by Ross Colton.
1:48 of 2nd period - Deflect By Drew Doughty.
1:48 of 2nd period - Shot Blocked by Pierre-Luc Dubois.
1:48 of 2nd period - Puck is out of play.
1:49 of 2nd period - Ryan Johansen wins face-off versus Trevor Lewis in Los Angeles Kings zone.
1:50 of 2nd period - Wrist shot by Valeri Nichushkin.
1:50 of 2nd period - Stopped by Pheonix Copley with a rebound.
1:52 of 2nd period - Minor Penalty to Quinton Byfield for Roughing.
1:53 of 2nd period - Anze Kopitar wins face-off versus Ryan Johansen in Los Angeles Kings zone.
2:08 of 2nd period - Pierre-Luc Dubois is hit by Ryan Johansen and loses puck.
3:23 of 2nd period - Artturi Lehkonen is hit by Kevin Fiala and loses puck.
3:48 of 2nd period - Icing by Cale Makar.
3:49 of 2nd period - Anze Kopitar wins face-off versus Andrew Cogliano in Colorado Avalanche zone.
3:52 of 2nd period - Penalty to Quinton Byfield is over, Quinton Byfield is back on ice.
3:57 of 2nd period - Off-side.
3:58 of 2nd period - Andrew Cogliano wins face-off versus Trevor Lewis in neutral zone.
4:01 of 2nd period - Snap shot by Samuel Girard.
4:01 of 2nd period - Stopped by Pheonix Copley with a rebound.
4:03 of 2nd period - Slapshot by Samuel Girard.
4:03 of 2nd period - Shot Blocked by Quinton Byfield.
4:05 of 2nd period - Wrist shot by Andrew Cogliano.
4:05 of 2nd period - Shot Misses the Net.
4:07 of 2nd period - Slapshot by Joel Kiviranta.
4:07 of 2nd period - Shot Misses the Net.
4:09 of 2nd period - Slapshot by Samuel Girard.
4:09 of 2nd period - Shot Blocked by Kurtis MacDermid.
4:11 of 2nd period - Slapshot by Samuel Girard.
4:11 of 2nd period - Deflect By Trevor Moore.
4:11 of 2nd period - Stopped by Pheonix Copley with a rebound.
4:13 of 2nd period - Backhand shot by Fredrik Olofsson.
4:13 of 2nd period - Stopped by Pheonix Copley without a rebound.
4:14 of 2nd period - Ross Colton wins face-off versus Kevin Fiala in Los Angeles Kings zone.
4:20 of 2nd period - Minor Penalty to Adrian Kempe for Delaying the game.
4:21 of 2nd period - Anze Kopitar wins face-off versus Nathan MacKinnon in Los Angeles Kings zone.
6:20 of 2nd period - Penalty to Adrian Kempe is over, Adrian Kempe is back on ice.
6:32 of 2nd period - Trevor Moore is hit by Ross Colton and loses puck.
7:14 of 2nd period - Snap shot by Adrian Kempe.
7:14 of 2nd period - Stopped by Alexandar Georgiev without a rebound.
7:15 of 2nd period - Ross Colton wins face-off versus Tyson Jost in Colorado Avalanche zone.
7:27 of 2nd period - Minor Penalty to Adrian Kempe for Holding.
7:28 of 2nd period - Anze Kopitar wins face-off versus Nathan MacKinnon in Los Angeles Kings zone.
7:32 of 2nd period - Slapshot by Drew Doughty.
7:32 of 2nd period - Deflect By Pierre-Luc Dubois.
7:32 of 2nd period - Shot Blocked by Artturi Lehkonen.
7:32 of 2nd period - Puck is out of play.
7:33 of 2nd period - Nathan MacKinnon wins face-off versus Anze Kopitar in Colorado Avalanche zone.
7:59 of 2nd period - Valeri Nichushkin is hit by Kevin Fiala and loses puck.
8:10 of 2nd period - Wrist shot by Cale Makar.
8:10 of 2nd period - Shot Misses the Net.
8:48 of 2nd period - Kevin Fiala is hit by Samuel Girard and loses puck.
9:27 of 2nd period - Penalty to Adrian Kempe is over, Adrian Kempe is back on ice.
9:29 of 2nd period - Slapshot by Drew Doughty.
9:29 of 2nd period - Stopped by Alexandar Georgiev with a rebound.
9:31 of 2nd period - Snap shot by Adrian Kempe.
9:31 of 2nd period - Stopped by Alexandar Georgiev with a rebound.
9:33 of 2nd period - Snap shot by Pierre-Luc Dubois.
9:33 of 2nd period - Shot Misses the Net.
9:35 of 2nd period - Slapshot by Mikey Anderson.
9:35 of 2nd period - Stopped by Alexandar Georgiev with a rebound.
9:37 of 2nd period - Slapshot by Kurtis MacDermid.
9:37 of 2nd period - Stopped by Alexandar Georgiev without a rebound.
9:38 of 2nd period - Ross Colton wins face-off versus Trevor Lewis in Colorado Avalanche zone.
9:45 of 2nd period - Snap shot by Ross Colton.
9:45 of 2nd period - Stopped by Pheonix Copley without a rebound.
9:46 of 2nd period - Ross Colton wins face-off versus Trevor Lewis in Los Angeles Kings zone.
9:47 of 2nd period - Snap shot by Jonathan Drouin.
9:47 of 2nd period - Stopped by Pheonix Copley without a rebound.
9:48 of 2nd period - Ross Colton wins face-off versus Trevor Lewis in Los Angeles Kings zone.
10:27 of 2nd period - Slapshot by Trevor Moore.
10:27 of 2nd period - Stopped by Alexandar Georgiev with a rebound.
10:29 of 2nd period - Snap shot by Trevor Lewis.
10:29 of 2nd period - Deflect By Quinton Byfield.
10:29 of 2nd period - Deflect By Ross Colton.
10:29 of 2nd period - Goal by Quinton Byfield - Colorado Avalanche : 1 - Los Angeles Kings : 2.
10:30 of 2nd period - Nathan MacKinnon wins face-off versus Anze Kopitar in neutral zone.
10:35 of 2nd period - Wrist shot by Artturi Lehkonen.
10:35 of 2nd period - Shot Misses the Net.
10:53 of 2nd period - Minor Penalty to Josh Manson for Tripping.
10:54 of 2nd period - Ross Colton wins face-off versus Adrian Kempe in Colorado Avalanche zone.
12:53 of 2nd period - Penalty to Josh Manson is over, Josh Manson is back on ice.
13:13 of 2nd period - Mikko Rantanen is hit by Kurtis MacDermid and loses puck.
13:30 of 2nd period - Snap shot by Arthur Kaliyev.
13:30 of 2nd period - Shot Misses the Net.
14:12 of 2nd period - Snap shot by Nathan MacKinnon.
14:12 of 2nd period - Goal by Nathan MacKinnon - Colorado Avalanche : 2 - Los Angeles Kings : 2.
14:13 of 2nd period - Anze Kopitar wins face-off versus Tomas Tatar in neutral zone.
15:02 of 2nd period - Wrist shot by Arthur Kaliyev.
15:02 of 2nd period - Shot Misses the Net.
15:04 of 2nd period - Slapshot by Mikey Anderson.
15:04 of 2nd period - Deflect By Arthur Kaliyev.
15:04 of 2nd period - Stopped by Alexandar Georgiev with a rebound.
15:06 of 2nd period - Slapshot by Kurtis MacDermid.
15:06 of 2nd period - Shot Blocked by Samuel Girard.
15:46 of 2nd period - Kurtis MacDermid is hit by Ross Colton and loses puck.
16:11 of 2nd period - Backhand shot by Mikey Anderson.
16:11 of 2nd period - Shot Blocked by Cale Makar.
16:13 of 2nd period - Slapshot by Mikey Anderson.
16:13 of 2nd period - Shot Blocked by Andrew Cogliano.
16:23 of 2nd period - Snap shot by Tomas Tatar.
16:23 of 2nd period - Shot Blocked by Adrian Kempe.
16:37 of 2nd period - Snap shot by Viktor Arvidsson.
16:37 of 2nd period - Shot Misses the Net.
16:39 of 2nd period - Slapshot by Matt Roy.
16:39 of 2nd period - Deflect By Valeri Nichushkin.
16:39 of 2nd period - Stopped by Alexandar Georgiev with a rebound.
16:41 of 2nd period - Snap shot by Phillip Danault.
16:41 of 2nd period - Shot Blocked by Tomas Tatar.
16:43 of 2nd period - Wrist shot by Viktor Arvidsson.
16:43 of 2nd period - Shot Misses the Net.
17:12 of 2nd period - Off-side.
17:13 of 2nd period - Pierre-Luc Dubois wins face-off versus Ross Colton in neutral zone.
17:28 of 2nd period - Wrist shot by Ross Colton.
17:28 of 2nd period - Stopped by Pheonix Copley without a rebound.
17:29 of 2nd period - Anze Kopitar wins face-off versus Nathan MacKinnon in Los Angeles Kings zone.
17:31 of 2nd period - Minor Penalty to Matt Roy for Roughing.
17:32 of 2nd period - Anze Kopitar wins face-off versus Nathan MacKinnon in Los Angeles Kings zone.
17:46 of 2nd period - Snap shot by Pierre-Luc Dubois.
17:46 of 2nd period - Shot Misses the Net.
18:00 of 2nd period - Slapshot by Cale Makar.
18:00 of 2nd period - Stopped by Pheonix Copley without a rebound.
18:01 of 2nd period - Adrian Kempe wins face-off versus Ryan Johansen in Los Angeles Kings zone.
18:36 of 2nd period - Valeri Nichushkin is hit by Adrian Kempe and loses puck.
18:53 of 2nd period - Snap shot by Valeri Nichushkin.
18:53 of 2nd period - Shot Misses the Net.
18:55 of 2nd period - Slapshot by Samuel Girard.
18:55 of 2nd period - Stopped by Pheonix Copley with a rebound.
18:57 of 2nd period - Wrist shot by Ryan Johansen.
18:57 of 2nd period - Shot Misses the Net.
19:31 of 2nd period - Penalty to Matt Roy is over, Matt Roy is back on ice.
19:43 of 2nd period - Snap shot by Tomas Tatar.
19:43 of 2nd period - Goal by Tomas Tatar - Colorado Avalanche : 3 - Los Angeles Kings : 2.
19:44 of 2nd period - Pierre-Luc Dubois wins face-off versus Nathan MacKinnon in neutral zone.
19:47 of 2nd period - Caleb Jones is hit by Pierre-Luc Dubois and loses puck.
Goals for this period are 2 for Colorado Avalanche vs 1 for Los Angeles Kings.
Shots for this period are 12 for Colorado Avalanche vs 9 for Los Angeles Kings.

3rd period


0:01 of 3rd period - Nathan MacKinnon wins face-off versus Adrian Kempe in neutral zone.
0:23 of 3rd period - Minor Penalty to Adrian Kempe for Holding.
0:24 of 3rd period - Artturi Lehkonen wins face-off versus Anze Kopitar in Los Angeles Kings zone.
2:23 of 3rd period - Penalty to Adrian Kempe is over, Adrian Kempe is back on ice.
2:24 of 3rd period - Drew Doughty is hit by Valeri Nichushkin.
2:32 of 3rd period - Matt Roy is hit by Ross Colton and loses puck.
2:57 of 3rd period - Josh Manson is hit by Phillip Danault and loses puck.
3:26 of 3rd period - Slapshot by Cale Makar.
3:26 of 3rd period - Shot Blocked by Blake Lizotte.
3:40 of 3rd period - Snap shot by Anze Kopitar.
3:40 of 3rd period - Stopped by Alexandar Georgiev with a rebound.
3:55 of 3rd period - Tomas Tatar is hit by Trevor Moore and loses puck.
4:45 of 3rd period - Mikey Anderson is hit by Josh Manson and loses puck.
5:26 of 3rd period - Wrist shot by Valeri Nichushkin.
5:26 of 3rd period - Shot Misses the Net.
5:28 of 3rd period - Wrist shot by Tomas Tatar.
5:28 of 3rd period - Goal by Tomas Tatar - Colorado Avalanche : 4 - Los Angeles Kings : 2.
5:29 of 3rd period - Nathan MacKinnon wins face-off versus Trevor Lewis in neutral zone.
5:34 of 3rd period - Snap shot by Nathan MacKinnon.
5:34 of 3rd period - Deflect By Mikko Rantanen.
5:34 of 3rd period - Stopped by Pheonix Copley with a rebound.
5:36 of 3rd period - Snap shot by Josh Manson.
5:36 of 3rd period - Stopped by Pheonix Copley with a rebound.
5:38 of 3rd period - Slapshot by Cale Makar.
5:38 of 3rd period - Shot Misses the Net.
5:40 of 3rd period - Slapshot by Cale Makar.
5:40 of 3rd period - Shot Blocked by Matt Roy.
6:07 of 3rd period - Valeri Nichushkin is hit by Anze Kopitar and loses puck.
6:24 of 3rd period - Slapshot by Viktor Arvidsson.
6:24 of 3rd period - Deflect By Phillip Danault.
6:24 of 3rd period - Stopped by Alexandar Georgiev with a rebound.
6:51 of 3rd period - Slapshot by Samuel Girard.
6:51 of 3rd period - Stopped by Pheonix Copley with a rebound.
6:53 of 3rd period - Wrist shot by Fredrik Olofsson.
6:53 of 3rd period - Stopped by Pheonix Copley with a rebound.
7:09 of 3rd period - Wrist shot by Trevor Moore.
7:09 of 3rd period - Shot Misses the Net.
7:11 of 3rd period - Snap shot by Trevor Moore.
7:11 of 3rd period - Stopped by Alexandar Georgiev without a rebound.
7:12 of 3rd period - Pierre-Luc Dubois wins face-off versus Ryan Johansen in Colorado Avalanche zone.
7:13 of 3rd period - Snap shot by Phillip Danault.
7:13 of 3rd period - Shot Misses the Net.
7:39 of 3rd period - Artturi Lehkonen is hit by Adrian Kempe and loses puck.
8:42 of 3rd period - Icing by Caleb Jones.
8:43 of 3rd period - Anze Kopitar wins face-off versus Ryan Johansen in Colorado Avalanche zone.
8:44 of 3rd period - Snap shot by Kevin Fiala.
8:44 of 3rd period - Shot Blocked by Bowen Byram.
9:18 of 3rd period - Minor Penalty to Mikko Rantanen for Tripping.
9:19 of 3rd period - Anze Kopitar wins face-off versus Ross Colton in Colorado Avalanche zone.
10:02 of 3rd period - Snap shot by Phillip Danault.
10:02 of 3rd period - Deflect By Viktor Arvidsson.
10:02 of 3rd period - Shot Misses the Net.
10:02 of 3rd period - Puck is out of play.
10:03 of 3rd period - Anze Kopitar wins face-off versus Ross Colton in Colorado Avalanche zone.
10:27 of 3rd period - Snap shot by Viktor Arvidsson.
10:27 of 3rd period - Stopped by Alexandar Georgiev with a rebound.
10:29 of 3rd period - Slapshot by Kurtis MacDermid.
10:29 of 3rd period - Shot Blocked by Bowen Byram.
10:31 of 3rd period - Snap shot by Mikey Anderson.
10:31 of 3rd period - Deflect By Cale Makar.
10:31 of 3rd period - Stopped by Alexandar Georgiev with a rebound.
10:33 of 3rd period - Snap shot by Viktor Arvidsson.
10:33 of 3rd period - Shot Blocked by Cale Makar.
10:35 of 3rd period - Slapshot by Kurtis MacDermid.
10:35 of 3rd period - Stopped by Alexandar Georgiev with a rebound.
11:09 of 3rd period - Phillip Danault is hit by Jack Johnson.
11:18 of 3rd period - Penalty to Mikko Rantanen is over, Mikko Rantanen is back on ice.
11:31 of 3rd period - Wrist shot by Trevor Moore.
11:31 of 3rd period - Stopped by Alexandar Georgiev without a rebound.
11:32 of 3rd period - Nathan MacKinnon wins face-off versus Trevor Lewis in Colorado Avalanche zone.
11:37 of 3rd period - Slapshot by Cale Makar.
11:37 of 3rd period - Shot Misses the Net.
11:39 of 3rd period - Snap shot by Artturi Lehkonen.
11:39 of 3rd period - Stopped by Pheonix Copley with a rebound.
11:41 of 3rd period - Slapshot by Cale Makar.
11:41 of 3rd period - Stopped by Pheonix Copley with a rebound.
11:49 of 3rd period - Snap shot by Trevor Moore.
11:49 of 3rd period - Stopped by Alexandar Georgiev with a rebound.
12:23 of 3rd period - Samuel Girard is hit by Anze Kopitar and loses puck.
13:08 of 3rd period - Icing by Mikey Anderson.
13:09 of 3rd period - Trevor Lewis wins face-off versus Nathan MacKinnon in Los Angeles Kings zone.
13:20 of 3rd period - Snap shot by Nathan MacKinnon.
13:20 of 3rd period - Shot Blocked by Trevor Lewis.
13:36 of 3rd period - Ryan Johansen is hit by Kurtis MacDermid and loses puck.
13:49 of 3rd period - Wrist shot by Kevin Fiala.
13:49 of 3rd period - Shot Misses the Net.
14:27 of 3rd period - Snap shot by Andrew Cogliano.
14:27 of 3rd period - Shot Blocked by Andreas Englund.
14:29 of 3rd period - Minor Penalty to Pierre-Luc Dubois for Tripping.
14:30 of 3rd period - Nathan MacKinnon wins face-off versus Anze Kopitar in Los Angeles Kings zone.
15:52 of 3rd period - Wrist shot by Phillip Danault.
15:52 of 3rd period - Shot Misses the Net.
16:29 of 3rd period - Penalty to Pierre-Luc Dubois is over, Pierre-Luc Dubois is back on ice.
17:24 of 3rd period - Icing by Pierre-Luc Dubois.
17:25 of 3rd period - Ryan Johansen wins face-off versus Pierre-Luc Dubois in Los Angeles Kings zone.
17:45 of 3rd period - Minor Penalty to Josh Manson for Holding.
17:46 of 3rd period - Anze Kopitar wins face-off versus Ross Colton in Colorado Avalanche zone.
18:23 of 3rd period - Wrist shot by Viktor Arvidsson.
18:23 of 3rd period - Shot Misses the Net.
19:45 of 3rd period - Penalty to Josh Manson is over, Josh Manson is back on ice.
Goals for this period are 1 for Colorado Avalanche vs 0 for Los Angeles Kings.
Shots for this period are 7 for Colorado Avalanche vs 8 for Los Angeles Kings.